AoeStats
← Kraken

Arabian Desert

510445803Analyzed
1v1 RM · 18h ago on Oct 1, 2026· 46m 41s· 2 players
Game mode
Random Map
Map size
Tiny (2 player)
Population
200
Speed
Normal
Resources
Standard
Victory
Conquest
Starting age
Dark Age
Ending age
Imperial Age
RankedLock teamsTeams togetherTeam positionsShared explorationLock speedFull tech treeHidden civsTurbo modeCheats
Victory
Defeat
🇦🇷 Gurjaras · Argentina
1371
+17
🇮🇳 Hindustanis · India
1392
-17
Kraken
5:52 Loom
9:36 Feudal Age
10:15 Double-Bit Axe
19:24 Castle Age
18:01 Gold Mining
18:51 Wheelbarrow
19:43 Bloodlines
21:01 Thumb Ring
21:30 Bow Saw
21:08 Horse Collar
22:17 Gold Mining
25:01 Fletching
26:36 Husbandry
26:48 Padded Archer Armor
28:01 Bodkin Arrow
29:01 Ballistics
29:44 Leather Archer Armor
37:05 Imperial Age
37:52 Bracer
37:17 Elite Elephant Archer
38:06 Onager
40:13 Chemistry
43:49 Gold Shaft Mining
rta
6:34 Loom
9:19 Feudal Age
13:05 Forging
13:31 Horse Collar
17:24 Wheelbarrow
22:00 Castle Age
20:34 Fletching
20:52 Double-Bit Axe
21:55 Scale Mail Armor
21:55 Padded Archer Armor
22:09 Gold Mining
23:16 Thumb Ring
23:13 Crossbowman
24:36 Pikeman
25:38 Bodkin Arrow
26:26 Elite Skirmisher
32:58 Ballistics
34:41 Bloodlines
35:44 Scale Barding Armor
35:54 Leather Archer Armor
40:25 Chain Barding Armor
43:13 Imperial Age
44:40 Bracer
46:40 Chemistry
Connection lost

Rejoining the realm…

Still unreachable

The connection could not be restored.

Session expired

The server has moved on; the page needs a fresh start.